 Dungeon Crawl Stone Soup version 0.25.1-3-ge44b62a0b3 (webtiles) character file.

Game seed: 13667017555222248683

2720 Cazemata the Cleaver (level 9, 0/118 HPs)
             Began as a Minotaur Berserker on Nov 20, 2020.
             Was an Elder of Trog.
             Slain by a killer bee (6 damage)
             ... on level 7 of the Dungeon.
             The game lasted 00:30:40 (8381 turns).

Cazemata the Cleaver (Minotaur Berserker)           Turns: 8381, Time: 00:30:40

Health: 0/118      AC: 11    Str: 23    XL:     9   Next: 39%
Magic:  8/8        EV:  8    Int:  6    God:    Trog [****..]
Gold:   296        SH:  0    Dex: 10    Spells: 8/8 levels left

rFire    . . .     SeeInvis +   a - +0 hand axe
rCold    . . .     Gourm    .   (no shield)
rNeg     . . .     Faith    .   y - +0 chain mail {MR+}
rPois    .         Spirit   .   (helmet restricted)
rElec    .         Reflect  .   F - +2 cloak
rCorr    .         Harm     .   (no gloves)
MR       +++..                  (no boots)
Stlth    ..........             (no amulet)
HPRegen  1.29/turn              u - ring of see invisible
MPRegen  0.11/turn              p - ring of flight

@: berserking, lethally poisoned (0 -> -7), regenerating, very quick
A: retaliatory headbutt, horns 2
a: Berserk, Trog's Hand, Brothers in Arms, Renounce Religion, Evoke Flight


You were on level 7 of the Dungeon.
You worshipped Trog.
Trog was greatly pleased with you.
You were very hungry.

You visited 2 branches of the dungeon, and saw 8 of its levels.

You collected 296 gold pieces.

Inventory:

Hand Weapons
 a - a +0 hand axe (weapon)
 v - the +6 long sword of the Dwarven Hall {freeze, Str+2}
   (You found it on level 4 of the Dungeon)

   It has been specially enchanted to freeze those struck by it, causing extra
   injury to most foes and up to half again as much damage against particularly
   susceptible opponents.
   It can also slow down cold-blooded creatures.
   It affects your strength (+2).
 x - a +1 dire flail of protection
Missiles
 s - 24 poisoned darts (quivered)
Armour
 g - a +0 plate armour
 y - a +0 chain mail of magic resistance (worn)
 F - a +2 cloak (worn)
Jewellery
 d - an uncursed amulet of faith
 e - an uncursed ring of fire
 p - a ring of flight (right hand)
 u - a ring of see invisible (left hand)
Wands
 j - a wand of flame (23)
 o - a wand of paralysis (20)
 z - a wand of polymorph (12)
Scrolls
 b - 2 scrolls of identify
 f - 6 scrolls of teleportation
 i - 4 scrolls of amnesia
 l - 2 scrolls of remove curse
 n - 2 scrolls of fear
 t - a scroll of blinking
 w - a scroll of magic mapping
 C - a scroll of enchant weapon {unknown}
 D - a scroll of immolation {unknown}
Potions
 h - a potion of might
 m - a potion of curing
 r - 2 potions of stabbing
 A - a potion of lignification
Comestibles
 c - 11 rations
 k - 4 chunks of flesh


   Skills:
 * Level 7.0 Fighting
 - Level 14.0 Axes
 - Level 2.4 Armour
 - Level 2.1 Dodging


You had 8 spell levels left.
You didn't know any spells.
Your spell library was empty.

Dungeon Overview and Level Annotations

Branches:
Dungeon (7/15)             Temple (1/1) D:5

Altars:
Ashenzari
Dithmenos
Elyvilon
Fedhas
Gozag
Hepliaklqana
Kikubaaqudgha
Makhleb
Nemelex Xobeh
Okawaru
Qazlal
Ru
Sif Muna
Vehumet
Wu Jian
Xom
Yredelemnul
Zin
The Shining One
Beogh

Shops:
D:7 (


Innate Abilities, Weirdness & Mutations

You reflexively headbutt those who attack you in melee.
You have a pair of horns on your head.


Message History

The killer bee stings you.
* * * LOW HITPOINT WARNING * * *
The killer bee closely misses you.
A red film seems to cover your vision as you go berserk!
You feel yourself moving faster!
You feel mighty!
You are feeling very hungry.
You feel sick. The killer bee stings you.
* * * LOW HITPOINT WARNING * * *
The killer bee stings you but does no damage.
The killer bee stings you.
* * * LOW HITPOINT WARNING * * *
The killer bee stings you.
* * * LOW HITPOINT WARNING * * *
You are lethally poisoned!
The killer bee poisons you!
The killer bee stings you but does no damage.
The killer bee completely misses you.
The killer bee stings you but does no damage. x2
The killer bee closely misses you. The killer bee stings you.
You die...

§§§§§§§§§§§#..............#..
§§§§§§§§§§§##...)#y.......##.
############......).##..#....##
#...............#.....##..#
#....##....#####.....##..##.
#.....##..# ##.............
##.....#..###.............#
##.....##y#y........#....##
#........y@......)).#.....#
#.........yy....).†.......#
##..#....##.......)........
##.##..####....<.....#..#. ##
##.####...###.#### .#
###...#.....# #..# ..
#.........#.......# #
##........#.........
#...............##..


You could see 5 killer bees.

Vanquished Creatures
  Grinder (D:5)
  Sigmund (D:2)
  Edmund (D:5)
  An orc warrior (D:7)
  3 ogres (D:4)
  2 centaurs (D:6)
  2 bullfrogs
  3 scorpions
  2 howler monkeys
  A bullfrog zombie (D:5)
  4 crimson imps (D:4)
  4 hounds
  A jelly (D:5)
  7 orc priests
  8 orc wizards
  An iguana (D:5)
  Ijyb (D:3)
  8 worker ants
  A killer bee zombie (D:6)
  A hound zombie (D:7)
  A worker ant zombie (D:7)
  10 gnolls
  8 adders
  3 shadow imps
  2 oozes (D:1)
  An adder zombie (D:5)
  A worm (D:3)
  3 leopard geckos
  47 orcs
  A ball python (D:6)
  5 bats
  4 giant cockroaches
  4 goblins (D:3)
  11 hobgoblins
  10 jackals
  11 kobolds
  5 quokkas
  6 frilled lizards
  2 leopard gecko skeletons
  10 rats
198 creatures vanquished.

Vanquished Creatures (others)
  A quokka (D:5)
1 creature vanquished.

Grand Total: 199 creatures vanquished

Notes
Turn   | Place    | Note
-------+----------+-------------------------------------------
     0 | D:1      | Cazemata the Minotaur Berserker began the quest for the
                  | Orb.
     0 | D:1      | Reached XP level 1. HP: 19/19 MP: 0/0
    68 | D:1      | Reached skill level 4 in Axes
    68 | D:1      | Reached XP level 2. HP: 8/26 MP: 1/1
   463 | D:1      | Reached skill level 5 in Axes
   572 | D:1      | Reached XP level 3. HP: 28/31 MP: 2/2
  1625 | D:2      | Noticed Sigmund
  1642 | D:2      | Killed Sigmund
  1642 | D:2      | Reached ** piety under Trog
  1642 | D:2      | Reached skill level 7 in Axes
  1642 | D:2      | Reached XP level 4. HP: 16/39 MP: 3/3
  1642 | D:2      | Reached XP level 5. HP: 19/45 MP: 4/4
  2320 | D:3      | Noticed Ijyb
  2320 | D:3      | Paralysed by Ijyb for 4 turns
  2330 | D:3      | Killed Ijyb
  2330 | D:3      | Reached skill level 8 in Axes
  2340 | D:3      | Reached XP level 6. HP: 49/51 MP: 5/5
  2380 | D:3      | Found an iron altar of Okawaru.
  2624 | D:3      | Found a roughly hewn altar of Beogh.
  2634 | D:3      | Reached skill level 9 in Axes
  3368 | D:3      | Found a faded altar of an unknown god.
  3796 | D:4      | Reached XP level 7. HP: 32/57 MP: 6/6
  3798 | D:4      | Reached *** piety under Trog
  3972 | D:4      | Reached skill level 10 in Axes
  4411 | D:4      | HP: 2/57 [orc priest/divine providence (11)]
  4576 | D:4      | Reached skill level 11 in Axes
  4591 | D:5      | Entered Level 5 of the Dungeon
  4801 | D:4      | Got a crystal long sword
  4806 | D:4      | Identified the +6 long sword of the Dwarven Hall {freeze,
                  | Str+2} (You found it on level 4 of the Dungeon)
  4819 | D:4      | Found a shimmering altar of Xom.
  4863 | D:4      | Reached XP level 8. HP: 47/64 MP: 7/7
  5124 | D:4      | Reached skill level 12 in Axes
  5531 | D:5      | Reached **** piety under Trog
  5561 | D:5      | Found a white marble altar of Elyvilon.
  5673 | D:5      | Found a staircase to the Ecumenical Temple.
  5680 | Temple   | Entered the Ecumenical Temple
  5943 | D:5      | Noticed Edmund
  5970 | D:5      | Killed Edmund
  5970 | D:5      | Reached skill level 13 in Axes
  6311 | D:5      | Noticed Grinder
  6326 | D:5      | Paralysed by Grinder for 6 turns
  6367 | D:5      | Killed Grinder
  6593 | D:5      | Found a shimmering blue altar of Sif Muna.
  6593 | D:5      | Found a hazy altar of Hepliaklqana.
  6918 | D:6      | Reached XP level 9. HP: 44/70 MP: 8/8
  7097 | D:6      | Reached skill level 14 in Axes
  7564 | D:6      | Reached skill level 5 in Fighting
  8256 | D:7      | Found Kad Jesa's Antique Weapon Shoppe.
  8265 | D:7      | Found a stormy altar of Qazlal.
  8381 | D:7      | Slain by a killer bee

Illustrated notes

Levels and vault maps discovered:
D:1:      minmay_arrival_cross, layout_basic
D:2:      layout_loops_ring, first_ration, nrook_campfire, uniq_sigmund
D:3:      layout_loops_ring, okawaru_altar_gauntlet_db,
          chequers_ecumenical_altar_lobes, minmay_misc_feat_diagonals,
          kennysheep_orc_chapel, uniq_ijyb
D:4:      layout_basic, led_xom_imps, serial_glass, glass_columns_a,
          glass_columns_c, glass_columns_c, glass_columns_a, minmay_pentangle
D:5:      layout_loops_corners, elyvilon_altar_4,
          gammafunk_temple_overflow_elements, minmay_temple_entry_trees,
          chequers_arboretum, uniq_edmund, uniq_grinder
D:6:      layout_basic
D:7:      layout_cave_pools, slow_altar_2, eat_drink_and_be_merry_uskayaw,
          nicolae_qazlal_eye_of_the_storm, basic_altar, serial_shops, shop
Temple:   cyrus_circular_temple

Skill      XL: |  1  2  3  4  5  6  7  8  9 |
---------------+----------------------------+-----
Axes           | 4 5 7 8 9 11 13 14 | 14.0
Fighting       | 7 |  7.0
Armour         | |  2.4
Dodging        | |  2.1

Action                   |  1- 3 |  4- 6 |  7- 9 || total
-------------------------+-------+-------+-------++-------
Melee: Hand axe          |    69 |   131 |   391 ||   591
       Headbutt          |    10 |    22 |    69 ||   101
       Unarmed           |       |       |     1 ||     1
Invok: Trog's Hand       |       |     2 |     3 ||     5
       Berserk           |       |     1 |     2 ||     3
  Use: Potion            |       |     2 |     5 ||     7
       Scroll            |       |       |    17 ||    17
  Eat: Chunk             |     2 |     8 |    14 ||    24
       Ration            |       |       |     1 ||     1
Armor: Animal skin       |     5 |    14 |       ||    19
       Plate armour      |       |    29 |    76 ||   105
       Chain mail        |       |       |    78 ||    78
Dodge: Dodged            |    48 |    71 |   121 ||   240
